 Dungeon Crawl Stone Soup version 0.17-a0-484-g0e03f6a (webtiles) character file.

756 gleb877 the Stinger (level 7, -4/46 HPs)
             Began as a Demonspawn Venom Mage on Apr 10, 2015.
             Was a Follower of Sif Muna.
             Slain by an ogre
             ... wielding a +0 giant club
              (21 damage)
             ... on level 5 of the Dungeon.
             The game lasted 02:07:33 (6256 turns).

gleb877 the Stinger (Demonspawn Venom Mage)         Turns: 6256, Time: 02:07:33

Health: -4/46      AC:  7    Str:  8    XL:     7   Next: 50%
Magic:  8/13       EV: 11    Int: 19    God:    Sif Muna [*.....]
Gold:   206        SH:  3    Dex: 13    Spells: 3 memorised, 8 levels left

rFire  . . .     SeeInvis .     j - staff of poison
rCold  + . .     Clarity  +     i - +0 leather armour
rNeg   . . .     SustAb   .     e - +0 buckler
rPois  +         Gourm    .     (no helmet)
rElec  .         Spirit   .     (no cloak)
rCorr  .         Warding  .     d - +0 pair of gloves
rMut   .         Stasis   .     (no boots)
MR     .....                    (no amulet)
Stlth  ++........               (no ring)
                                (no ring)

@: very slightly contaminated, not resistant to hostile enchantments, unstealthy
A: claws 1, slimy green scales 2, clarity, cold resistance 1, sense surroundings
1
a: Channel Energy, Renounce Religion


You were on level 5 of the Dungeon.
You worshipped Sif Muna.
Sif Muna was aware of your devotion.
You were not hungry.

You visited 2 branches of the dungeon, and saw 6 of its levels.

You collected 206 gold pieces.

Inventory:

Hand weapons
 f - a +1 short sword of venom
 v - a +4 hunting sling
Missiles
 a - 8 arrows
 c - 34 bolts
 l - 12 bolts of flame
 q - 14 sling bullets of flame (quivered)
 s - 31 sling bullets
 y - 16 bolts of frost
Armour
 d - a +0 pair of gloves (worn)
 e - a +0 buckler (worn)
 i - a +0 leather armour (worn)
 p - a +0 scale mail of fire resistance
Magical staves
 j - an uncursed staff of poison (weapon)
Potions
 g - a potion of ambrosia {unknown}
 o - a potion of might
 r - a potion of flight
 u - 2 potions of poison
 x - a potion of resistance {unknown}
 z - a potion of mutation {unknown}
Books
 b - a Young Poisoner's Handbook

   Spells                             Type                      Level
   a - Sting                          Conjuration/Poison           1
   b - Cure Poison                    Poison                       2
   c - Mephitic Cloud                 Conjuration/Poison/Air       3
   d - Olgreb's Toxic Radiance        Poison                       4
   e - Venom Bolt                     Conjuration/Poison           5
Comestibles
 h - a chunk of flesh
 m - a slice of pizza
 n - a meat ration
 t - a fruit


   Skills:
 - Level 0.2 Fighting
 - Level 1.8 Dodging
 - Level 1.7 Stealth
 - Level 0.3 Unarmed Combat
 * Level 4.3 Spellcasting
 * Level 3.9 Conjurations
 * Level 2.6 Air Magic
 * Level 6.1 Poison Magic


You had 8 spell levels left.
You knew the following spells:

 Your Spells              Type           Power        Failure   Level  Hunger
a - Sting                 Conj/Pois      ####         4%          1    None
b - Cure Poison           Pois           #####.....   4%          2    #......
c - Mephitic Cloud        Conj/Pois/Air  ####....     21%         3    ###....


Dungeon Overview and Level Annotations

Branches:
Dungeon (5/15)             Temple (1/1) D:4

Altars:
Ashenzari
Cheibriados
Dithmenos
Elyvilon
Fedhas
Gozag
Kikubaaqudgha
Makhleb
Nemelex Xobeh
Okawaru
Ru
Sif Muna
Xom
Zin
The Shining One

Annotations:
D:3 Ololoev's ghost, average DgWn


Innate Abilities, Weirdness & Mutations

You have sharp fingernails.
You are mostly covered in slimy green scales (AC +3).
Your flesh is cold resistant.
You possess an exceptional clarity of mind.
You passively map a small area around you.


Message History

The ogre hits you with a giant club!
You barely miss the ogre.
The ogre is moderately wounded.
The ogre hits you with a giant club!
Drink which item? (? for menu, Esc to quit)
You feel better. The ogre hits you but does no damage.
Casting: Sting
Confirm with . or Enter, or press ? or * to list all spells.
Aiming: Mephitic Cloud
Press: ? - help, Shift-Dir - straight line, f/p - ogre
Aim: an ogre, wielding a giant club (moderately wounded)
You feel a surge of power!
You miscast Mephitic Cloud.
Strange energies run through your body. The ogre hits you with a giant club!
* * * LOW HITPOINT WARNING * * *
Use which ability? (? or * to list)
Okay, then.
Drink which item? (? for menu, Esc to quit)
You feel better. The ogre hits you with a giant club!!
You die...

#.# #...........hh....*
#.#####.#####.#####h####*
* #.......# #.# #.#* * *
#..##########.#####.#* ,
, #..#
#.......hhh.####### #..#
#.###h#######..>..#
#..######.###h# #.#####
#..........##O# #.#
#...........@.# #.#
#######....#### #####.#
#.#.....# #.....#
#.#####.# #>##### #.# #.#
#.# #.#####.###.###
#.............#
#######.###.#.# #.# #.#.#


You could see an ogre and 2 jackals.

Vanquished Creatures
  An orc warrior (D:4)
  2 ogres
  A giant frog (D:4)
  A hound (D:4)
  2 orc wizards (D:4)
  3 orc priests (D:3)
  An iguana (D:5)
  A worker ant (D:4)
  A hound skeleton (D:4)
  An adder (D:4)
  6 gnolls
  2 worms
  An adder zombie (D:5)
  An ooze (D:1)
  7 orcs
  11 bats
  5 giant cockroaches
  15 hobgoblins
  3 jackals
  2 quokkas
  A giant cockroach zombie (D:5)
  4 giant geckos
  4 giant newts
  13 goblins
  7 kobolds
  A quokka skeleton (D:4)
  6 rats
103 creatures vanquished.

Vanquished Creatures (collateral kills)
  A gnoll (D:4)
1 creature vanquished.

Vanquished Creatures (others)
  A bat (D:3)
1 creature vanquished.

Grand Total: 105 creatures vanquished

Notes
Turn   | Place    | Note
--------------------------------------------------------------
     0 | D:1      | gleb877, the Demonspawn Venom Mage, began the quest for the Orb.
     0 | D:1      | Reached XP level 1. HP: 13/13 MP: 3/3
   224 | D:1      | Gained mutation: You have sharp fingernails. [demonic ancestry]
   224 | D:1      | Reached XP level 2. HP: 19/19 MP: 3/5
  1225 | D:2      | Reached XP level 3. HP: 24/24 MP: 4/6
  1242 | D:2      | Learned a level 2 spell: Cure Poison
  1848 | D:2      | Found a shattered altar of Ashenzari.
  1959 | D:3      | Reached skill level 1 in Conjurations
  1959 | D:3      | Gained mutation: You are partially covered in slimy green scales (AC +2). [demonic ancestry]
  1959 | D:3      | Reached XP level 4. HP: 30/30 MP: 2/8
  2016 | D:3      | Reached skill level 5 in Poison Magic
  2212 | D:3      | Reached XP level 5. HP: 32/35 MP: 4/9
  2353 | D:3      | Learned a level 3 spell: Mephitic Cloud
  2690 | D:3      | Noticed Ololoev's ghost (average DgWn)
  3332 | D:3      | Found a shimmering altar of Xom.
  3342 | D:3      | Found a deep blue altar of Sif Muna.
  3346 | D:3      | Became a worshipper of Sif Muna the Loreminder
  3352 | D:3      | Found a sparkling altar of Nemelex Xobeh.
  3427 | D:3      | Found a glowing golden altar of the Shining One.
  3835 | D:4      | Reached skill level 1 in Air Magic
  3944 | D:4      | Gained mutation: Your flesh is cold resistant. [demonic ancestry]
  3944 | D:4      | Reached XP level 6. HP: 41/41 MP: 0/11
  4075 | D:4      | Found a glowing silver altar of Zin.
  4182 | D:4      | Gained mutation: You passively map a small area around you. [potion of beneficial mutation]
  4183 | D:4      | Gained mutation: You possess an exceptional clarity of mind. [potion of beneficial mutation]
  4398 | D:4      | Gained mutation: You are mostly covered in slimy green scales (AC +3). [potion of beneficial mutation]
  4656 | D:4      | Noticed an orc warrior
  4696 | D:4      | Killed an orc warrior
  4696 | D:4      | Acquired Sif Muna's first power
  4727 | D:4      | Reached XP level 7. HP: 23/46 MP: 1/13
  5272 | D:4      | Found a staircase to the Ecumenical Temple.
  5281 | Temple   | Entered the Ecumenical Temple
  5826 | D:5      | Entered Level 5 of the Dungeon
  5844 | D:5      | Reached skill level 6 in Poison Magic
  6256 | D:5      | Slain by an ogre

Action                   |  1- 3 |  4- 6 |  7- 9 || total
-------------------------+-------+-------+-------++-------
Melee: Unarmed           |    41 |       |       ||    41
       Dagger            |    64 |       |       ||    64
       Short sword       |       |   149 |       ||   149
       Staff             |       |    47 |    55 ||   102
 Cast: Sting             |    67 |    73 |    14 ||   154
       Mephitic Cloud    |       |     4 |     1 ||     5
  Use: Potion            |     1 |     7 |     2 ||    10
       Scroll            |     7 |     4 |     2 ||    13
  Eat: Chunk             |     4 |     3 |       ||     7
       Bread ration      |       |     2 |       ||     2
       Meat ration       |       |       |     1 ||     1
       Fruit             |       |       |     1 ||     1
